 Dungeon Crawl Stone Soup version 0.30.0-16-gbe6223bb7e (webtiles) character file.

Game seed: 5796626335474810342

224 dialectric the Cudgeller (level 5, 0/58 HPs)
             Began as a Demonspawn Wanderer on May 20, 2023.
             Was a Priest of Lugonu.
             Slain by a bullfrog (3 damage)
             ... in a sewer.
             The game lasted 00:04:37 (2715 turns).

dialectric the Cudgeller (Demonspawn Wanderer)      Turns: 2715, Time: 00:04:37

Health: 0/58       AC: 22    Str: 10 (11) XL:     5   Next: 67%
Magic:  6/6        EV: -1    Int: 20      God:    Lugonu [***...]
Gold:   112        SH:  0    Dex: 12 (15) Spells: 6/6 levels left

rFire   + . .        p - +0 morningstar
rCold   + . .        (no shield)
rNeg    . . .        d - melded +0 robe
rPois   +            (helmet currently unavailable)
rElec   +            (cloak currently unavailable)
rCorr   +            (gloves currently unavailable)
SInv    .            b - melded +0 pair of boots
Will    .....        n - amulet of regeneration
Stlth   ++           h - +6 ring of intelligence
HPRegen 1.09/turn    (no ring)
MPRegen 0.10/turn

%: no passive effects
@: lethally poisoned (0 -> 0), tree-form, resistant, constricted
A: stationary, stasis, torment immunity, boosted hp, rugged brown scales 1,
ignite blood 1
a: Renounce Religion, Depart the Abyss, Banish


You were in a sewer.
You worshipped Lugonu.
Lugonu was most pleased with you.
You were a tree.
You visited 1 branch of the dungeon, and saw 3 of its levels.
You also visited: Sewer.

You collected 112 gold pieces.

Inventory:

Hand Weapons
 a - a +2 mace
 p - a +0 morningstar (weapon)
Missiles
 q - 2 poisoned darts
Armour
 b - a +0 pair of boots (melded)
 d - a +0 robe (melded)
 f - a +0 helmet
Jewellery
 h - a +6 ring of intelligence (left branch)
 n - an amulet of regeneration (around neck)
Scrolls
 e - a scroll of acquirement {unknown}
 g - a scroll of noise {unknown}
 i - a scroll of enchant weapon {unknown}
 l - a scroll of torment {unknown}
 m - 4 scrolls of teleportation
 o - 4 scrolls of immolation {unknown}
 r - a scroll of poison {unknown}
 s - 2 scrolls of blinking {unknown}
 t - a scroll of brand weapon {unknown}
 u - a scroll of enchant armour {unknown}
 v - a scroll of fog {unknown}
Potions
 j - a potion of degeneration
 k - a potion of lignification


   Skills:
 + Level 2.1 Fighting
 + Level 5.4 Maces & Flails
 + Level 1.1 Armour
 * Level 2.0 Dodging
 - Level 1.4 Stealth
 - Level 1.0 Spellcasting
 - Level 2.1 Necromancy


You had 6 spell levels left.
You didn't know any spells.
Your spell library contained the following spells:

 Spells                   Type           Power      Damage    Failure   Level
 Kiss of Death            Conj/Necr      20%        2d7       11%         1
 Sublimation of Blood     Necr           9%         N/A       11%         2
 Vampiric Draining        Necr           9%         2d6       22%         3
 Petrify                  Tmut/Erth      1%         N/A       86%         4
 Irradiate                Conj/Tmut      0%         3d11      99%         5


Dungeon Overview and Level Annotations

Branches:
Dungeon (3/15)              Sewer (1/1)

Altars:
Ashenzari
Hepliaklqana
Makhleb
Nemelex Xobeh
Ru
Sif Muna
Trog
Uskayaw
Wu Jian
Lugonu

Shops:
D:1 [

Annotations:
D:2 1 runed translucent door, Crazy Yiuf


Innate Abilities, Weirdness & Mutations

You are a tree.
Your roots penetrate the ground, keeping you stationary.
You cannot be teleported.
You are immune to unholy pain and torment.
Your maximum health is greatly increased.
Your equipment is partially melded.
(You are partially covered in rugged brown scales. (AC +1, +3% HP))
Your demonic aura sometimes causes spilled blood to erupt in flames.


Message History

The bullfrog is engulfed in a cloud of scalding steam.
The bullfrog closely misses you. The bullfrog barely misses you.
Unknown command.
You miss the bullfrog.
You feel sick. The bullfrog barely misses you.
The ball python closely misses you. The ball python grabs you.
The ball python constricts you. The adder bites you but does no damage.
The bullfrog is engulfed in a cloud of scalding steam.
The bullfrog barely misses you. The bullfrog hits you!
* * * LOW HITPOINT WARNING * * *
The ball python bites you.
* * * LOW HITPOINT WARNING * * *
The ball python constricts you. The ball python misses you.
The adder closely misses you.
The bullfrog is engulfed in a cloud of scalding steam.
The bullfrog closely misses you.
Unknown command.
Unknown command.
It was a potion of lignification.
You turn into a tree.
Your +0 pair of boots melds into your body.
Your +0 robe melds into your body.
Your roots penetrate the ground.
You feel strangely stable.
You feel sick.
The frilled lizard is engulfed in a cloud of scalding steam.
You kill the frilled lizard!
Lugonu accepts your kill.
The bullfrog hits you but does no damage.
The ball python bites you but does no damage.
The ball python constricts you. The bullfrog hits you.
* * * LOW HITPOINT WARNING * * *
The adder bites you but does no damage.
The ball python bites you but does no damage.
Unknown command.
You hit the bullfrog.
The bullfrog is heavily wounded.
You feel sick.
The bullfrog hits you but does no damage. x2
The ball python bites you but does no damage.
The ball python constricts you. The adder bites you but does no damage.
The ball python bites you but does no damage.
The bullfrog completely misses you. The bullfrog hits you.
You die...

###################
..#~~≈≈~~FS≈≈≈≈≈~≈.†###
...≈≈≈~≈~S♣~#≈~≈≈≈~...##
...~≈≈J~#SF≈~~~≈~~.....#
..~#~~~≈~≈≈~~~~~~~~....#
..~≈≈≈≈~≈≈≈≈≈~~~~≈.....##
...≈~≈≈≈≈≈≈≈≈≈≈≈≈~......#
####################....#
####...## #..#....#
#..†....#


You could see 2 bullfrogs, an adder, an endoplasm and 2 ball pythons.

Vanquished Creatures
  An orc wizard (D:3)
  8 adders
  3 river rats (Sewer)
  A dart slug (D:2)
  3 orcs (D:2)
  12 ball pythons
  4 endoplasms
  5 giant cockroaches
  3 goblins (D:1)
  7 hobgoblins
  3 jackals (D:2)
  11 kobolds
  5 quokkas
  6 bats
  3 frilled lizards
  23 rats
98 creatures vanquished.

Vanquished Creatures (collateral kills)
  2 ball pythons (Sewer)
  4 rats (Sewer)
6 creatures vanquished.

Grand Total: 104 creatures vanquished

Notes
Turn   | Place    | Note
-------+----------+-------------------------------------------
     0 | D:1      | dialectric the Demonspawn Wanderer began the quest for the
                  | Orb.
     0 | D:1      | dialectric set off with the following items: a +2 mace, a
                  | +0 pair of boots, a scroll of summoning, a +0 robe; and the
                  | following spell memorised: Kiss of Death; and the following
                  | spells available to memorise: Vampiric Draining.
     0 | D:1      | Reached XP level 1. HP: 15/15 MP: 2/2
   118 | D:1      | Found Urajol's Armour Emporium.
   179 | D:1      | Reached skill level 4 in Maces & Flails
   268 | D:1      | Gained mutation: You are partially covered in rugged brown
                  | scales. (AC +1, +3% HP) [demonic ancestry]
   268 | D:1      | Reached XP level 2. HP: 13/21 MP: 3/3
   552 | D:1      | Noticed a shining eye
   555 | D:1      | Found a faded altar of an unknown god.
   557 | D:1      | Noticed a great orb of eyes
   558 | D:1      | Noticed an eye of devastation
   558 | D:1      | Noticed a floating eye
   573 | D:1      | Prayed at the altar of an unknown god.
   573 | D:1      | Became a worshipper of Lugonu the Unformed
   573 | D:1      | Reached * piety under Lugonu
   723 | D:2      | Found a runed translucent door.
   726 | D:2      | Noticed Crazy Yiuf
   817 | D:2      | Gained mutation: Your demonic aura sometimes causes spilled
                  | blood to erupt in flames. [demonic ancestry]
   817 | D:2      | Reached XP level 3. HP: 23/24 MP: 4/4
  1797 | D:3      | Reached skill level 1 in Stealth
  1814 | D:3      | Found a burning altar of Makhleb.
  1855 | D:3      | Reached skill level 5 in Maces & Flails
  1855 | D:3      | Reached XP level 4. HP: 15/28 MP: 5/5
  1858 | D:3      | Reached ** piety under Lugonu
  1880 | D:3      | Found a broken altar of Ashenzari.
  1880 | D:3      | Found a sparkling altar of Nemelex Xobeh.
  1880 | D:3      | Found a hazy altar of Hepliaklqana.
  1881 | D:3      | Found a hide-covered altar of Uskayaw.
  1881 | D:3      | Found a bloodstained altar of Trog.
  1882 | D:3      | Found a shimmering blue altar of Sif Muna.
  1882 | D:3      | Found a sacrificial altar of Ru.
  2034 | D:3      | Found an ornate altar of the Wu Jian Council.
  2181 | D:3      | Found a glowing drain.
  2241 | Sewer    | Entered a sewer
  2290 | Sewer    | Reached XP level 5. HP: 38/38 MP: 6/6
  2329 | Sewer    | Reached *** piety under Lugonu
  2715 | Sewer    | Slain by a bullfrog

Illustrated notes

Levels and vault maps discovered:
D:1:      tarquinn_simple_flora_water_d, layout_loops_cross, serial_shops,
          nicolae_shop_statue_plus, hellmonk_ecumenical_altar_watching_god
D:2:      layout_loops_corners, uniq_crazy_yiuf_cottage
D:3:      layout_rooms, nicolae_overflows_in_rows, portal_sewer_entry_f,
          lexackson_kobold_supper
Sewer:    sewer_minmay_w

Skill      XL: |  1  2  3  4  5 |
---------------+----------------+-----
Maces & Flails | 4 5 |  5.4
Stealth        | 1 |  1.4
Fighting       | 2 |  2.1
Dodging        | 2 |  2.0
Armour         | |  1.1
Spellcasting   | |  1.0
Necromancy     | |  2.1

Action                     |  1- 3 |  4- 6 || total
---------------------------+-------+-------++-------
  Melee: Mace              |    93 |       ||    93
         Morningstar       |     6 |   161 ||   167
   Cast: Kiss of Death     |     2 |       ||     2
    Use: Scroll            |       |     4 ||     4
         Potion            |       |     3 ||     3
   Stab: Sleeping          |     4 |     2 ||     6
 Armour: Robe              |    34 |   111 ||   145
         Skin              |       |     9 ||     9
  Dodge: Dodged            |    85 |   235 ||   320
